 Dungeon Crawl Stone Soup version 0.18.1-48-g4cf74bf (webtiles) character file.

816 boogeech the Skirmisher (level 7, -10/62 HPs)
             Began as a Minotaur Fighter on June 28, 2016.
             Mangled by a thrashing horror (14 damage)
             ... on level 1 of the Abyss.
             The game lasted 00:08:59 (3014 turns).

boogeech the Skirmisher (Minotaur Fighter)          Turns: 3014, Time: 00:09:01

Health: -10/62     AC:  7    Str: 22      XL:     7   Next: 62%
Magic:  6/6        EV: 12    Int:  2 (5)  God:
Gold:   103        SH: 10    Dex: 10      Spells: 0 memorised, 6 levels left

rFire  . . .     SeeInvis .     a - +0 long sword
rCold  . . .     Gourm    .     b - +0 scale mail
rNeg   . . .     Faith    .     c - +0 shield
rPois  .         Spirit   .     (helmet restricted)
rElec  .         Dismiss  .     (no cloak)
rCorr  .         Reflect  .     (no gloves)
SustAt .         Harm     .     (no boots)
MR     .....                    (no amulet)
Stlth  ..........               (no ring)
                                q - +3 ring of evasion

@: not resistant to hostile enchantments, extremely unstealthy
A: retaliatory headbutt, horns 2, subdued magic 1
a: no special abilities


You were on level 1 of the Abyss.
You were not hungry.

You visited 1 branch of the dungeon, and saw 4 of its levels.
You visited the Abyss 1 time.

You collected 103 gold pieces.

Inventory:

Hand Weapons
 a - a +0 long sword (weapon)
 k - a +0 hunting sling
Missiles
 h - 2 throwing nets (quivered)
 n - 28 sling bullets
Armour
 b - a +0 scale mail (worn)
 c - a +0 shield (worn)
Jewellery
 q - a +3 ring of evasion (left hand)
 y - an uncursed ring of protection from magic {unknown}
Wands
 i - a wand of heal wounds (1/9)
 v - a wand of random effects (20/48)
 x - a wand of polymorph (4/24)
Scrolls
 e - a scroll of teleportation
 m - a scroll of enchant weapon {unknown}
 o - 2 scrolls of fear {unknown}
 r - 2 scrolls of identify
 u - 2 scrolls of noise {unknown}
 w - a scroll of amnesia {unknown}
Potions
 d - a potion of might
 g - a potion of flight
 j - a potion of agility {unknown}
 l - a potion of brilliance
 s - a potion of degeneration {unknown}
 t - a potion of mutation {unknown}
Comestibles
 f - 4 bread rations
 p - 3 fruits


   Skills:
 * Level 5.8 Fighting
 * Level 5.3 Long Blades
 * Level 5.7 Armour
 + Level 2.7 Dodging
 - Level 1.8 Stealth
 * Level 5.7 Shields
 + Level 0.8 Evocations


You had 6 spell levels left.
You didn't know any spells.

Dungeon Overview and Level Annotations

Branches:
Dungeon (4/15)
 Temple: D:4-7

Altars:
Dithmenos
Fedhas

Annotations:
D:4 Dowan


Innate Abilities, Weirdness & Mutations

You reflexively headbutt those who attack you in melee.
You have a pair of horns on your head.
Your spells are a little easier to cast, but a little less powerful.


Message History

You block the thrashing horror's attack.
The thrashing horror roars!
The thrashing horror tramples you.
You hold your ground!
You block the thrashing horror's attack.
The thrashing horror roars!
You block the thrashing horror's attack.
The thrashing horror barely misses you. The small abomination hits you.
The raiju bites you but does no damage.
The thrashing horror roars!
You block the thrashing horror's attack.
The thrashing horror tramples you but does no damage.
The thrashing horror roars!
Found a dented brass amulet.
The balrug gestures at you. Something smites you!
* * * LOW HITPOINT WARNING * * *
The small abomination hits you!
* * * LOW HITPOINT WARNING * * *
The thrashing horror tramples you!
You die...

### #... ≈≈ #......
.# ##.#.# ..#. #
...#..#### .
...#..#.#.. ##
.###.#.#X.#.###.####
#. #..#.#.#.#..#...
# ..#*.#.#h...x#.#
#......##..#..2X@#
..#. ##.###.#.##.#
#5#.##.## ###..#.."
..## ##. ...#.##.#
.....#... ......# #
##.. #. .##....#...
# # ... ###....##..
...#..##.#..... ..
..#.# .#


You could see a balrug, a thrashing horror, a raiju and a small abomination.

Vanquished Creatures
  Grinder (D:3)
  Sigmund (D:3)
  Duvessa (D:4)
  2 scorpions (D:4)
  An orc priest (D:3)
  Terence (D:2)
  Ijyb (D:3)
  Natasha (D:4)
  Robin (D:3)
  3 adders
  4 worms
  3 dart slugs
  3 giant geckos
  6 orcs (D:3)
  2 giant cockroaches (D:1)
  16 goblins
  8 hobgoblins
  4 jackals (D:1)
  3 quokkas
  A ball python (D:1)
  8 bats
  A giant newt (D:2)
  8 kobolds
  A quokka skeleton (D:4)
  8 rats
89 creatures vanquished.

Vanquished Creatures (others)
  4 starspawn tentacles (Abyss:1)
  25 starspawn tentacle segments (Abyss:1)
29 creatures vanquished.

Grand Total: 118 creatures vanquished

Notes
Turn   | Place    | Note
--------------------------------------------------------------
     0 | D:1      | boogeech the Minotaur Fighter began the quest for the Orb.
     0 | D:1      | Reached XP level 1. HP: 19/19 MP: 0/0
    83 | D:1      | Reached XP level 2. HP: 27/27 MP: 1/1
   312 | D:1      | Reached skill level 1 in Dodging
   680 | D:2      | Reached XP level 3. HP: 23/33 MP: 2/2
  1438 | D:2      | Noticed Terence
  1455 | D:2      | Killed Terence
  1455 | D:2      | Reached XP level 4. HP: 15/40 MP: 3/3
  1891 | D:3      | Noticed Ijyb
  1908 | D:3      | Killed Ijyb
  1908 | D:3      | Reached skill level 1 in Stealth
  1908 | D:3      | Reached XP level 5. HP: 43/47 MP: 4/4
  1926 | D:3      | Found a shadowy altar of Dithmenos.
  1953 | D:3      | Noticed Sigmund
  1959 | D:3      | Noticed Robin
  1963 | D:3      | Killed Sigmund
  1963 | D:3      | Reached XP level 6. HP: 43/55 MP: 5/5
  1966 | D:3      | Killed Robin
  2182 | D:3      | Found a blossoming altar of Fedhas.
  2183 | D:3      | Noticed Grinder
  2193 | D:3      | Reached skill level 5 in Fighting
  2211 | D:3      | Paralysed by Grinder for 6 turns
  2481 | D:3      | Paralysed by Grinder for 2 turns
  2513 | D:3      | Killed Grinder
  2513 | D:3      | Reached skill level 5 in Armour
  2513 | D:3      | Reached skill level 5 in Shields
  2513 | D:3      | Reached XP level 7. HP: 59/61 MP: 6/6
  2680 | D:4      | Noticed Natasha
  2685 | D:4      | Killed Natasha
  2685 | D:4      | Reached skill level 5 in Long Blades
  2895 | D:4      | Noticed Duvessa
  2896 | D:4      | Noticed Dowan
  2901 | D:4      | Killed Duvessa
  2910 | D:4      | Cast into level 1 of the Abyss (Dowan)
  2932 | Abyss:1  | Noticed a shining eye
  2937 | Abyss:1  | Gained mutation: Your spells are a little easier to cast, but a little less powerful. [a shining eye]
  2945 | Abyss:1  | Noticed a tentacled starspawn
  2958 | Abyss:1  | Noticed a raiju
  2971 | Abyss:1  | Noticed a tentacled starspawn
  2971 | Abyss:1  | Noticed a thrashing horror
  2988 | Abyss:1  | Noticed a neqoxec
  2991 | Abyss:1  | Noticed a wretched star
  2991 | Abyss:1  | Noticed an ancient zyme
  3000 | Abyss:1  | Noticed a raiju
  3003 | Abyss:1  | Noticed a balrug
  3014 | Abyss:1  | Mangled by a thrashing horror

Skill      XL: |  1  2  3  4  5  6  7 |
---------------+----------------------+-----
Dodging        | 1 2 |  2.7
Fighting       | 4 5 |  5.8
Armour         | 4 5 |  5.7
Long Blades    | 3 4 5 |  5.3
Shields        | 4 5 |  5.7
Stealth        | 1 |  1.8
Evocations     | |  0.8

Action                   |  1- 3 |  4- 6 |  7- 9 || total
-------------------------+-------+-------+-------++-------
Melee: Long sword        |   110 |   110 |    36 ||   256
       Headbutt          |    19 |    13 |    10 ||    42
  Use: Scroll            |       |     7 |       ||     7
       Potion            |       |     5 |       ||     5
  Eat: Chunk             |     1 |     3 |       ||     4
       Bread ration      |       |     1 |       ||     1
Armor: Scale mail        |    52 |    28 |    20 ||   100
       Skin              |       |     1 |       ||     1
Dodge: Dodged            |    33 |    32 |    32 ||    97
Block: Shield            |    63 |    57 |    48 ||   168
